 Dungeon Crawl Stone Soup version 0.28.0-53-g5a82cb258f (webtiles) character file.

Game seed: 15715320098990925698

203 Peloso the Covered (level 5, -1/47 HPs)
             Began as a Minotaur Fighter on May 29, 2022.
             Slain by a scorpion (7 damage)
             ... on level 3 of the Dungeon.
             The game lasted 00:03:08 (2811 turns).

Peloso the Covered (Minotaur Fighter)               Turns: 2811, Time: 00:03:09

Health: -1/47      AC:  9    Str: 21      XL:     5   Next: 51%
Magic:  4/4        EV:  7    Int:  5      God:
Gold:   66         SH:  4    Dex: 10 (11) Spells: 4/4 levels left

rFire   . . .      SeeInvis .   a - +0 long sword
rCold   . . .      Faith    .   c - +0 buckler
rNeg    . . .      Spirit   .   h - +0 chain mail
rPois   .          Reflect  .   (helmet restricted)
rElec   .          Harm     .   (no cloak)
rCorr   .          Rampage  .   (no gloves)
Will    .....                   (no boots)
Stlth   ..........              (no amulet)
HPRegen 0.15/turn               (no ring)
MPRegen 0.09/turn               (no ring)

@: lethally poisoned (-1 -> -3)
A: horns 2, retaliatory headbutt
a: no special abilities


You were on level 3 of the Dungeon.
You visited 1 branch of the dungeon, and saw 4 of its levels.

You collected 66 gold pieces.

Inventory:

Hand Weapons
 a - a +0 long sword (weapon)
Missiles
 k - 2 throwing nets (quivered)
Armour
 b - a +0 scale mail
 c - a +0 buckler (worn)
 h - a +0 chain mail (worn)
Jewellery
 f - an amulet of guardian spirit
Scrolls
 e - a scroll of identify {unknown}
 g - a scroll of enchant armour {unknown}
 j - a scroll of noise {unknown}
 m - a scroll of fear {unknown}
 o - a scroll of magic mapping {unknown}
 p - a scroll of silence {unknown}
Potions
 d - 2 potions of might
 i - a potion of curing
 l - a potion of resistance {unknown}
 n - a potion of heal wounds {unknown}


   Skills:
 + Level 4.7 Fighting
 + Level 4.2 Long Blades
 + Level 5.3 Armour
 + Level 0.3 Dodging
 + Level 4.3 Shields


You had 4 spell levels left.
You didn't know any spells.
Your spell library contained the following spells:

 Spells                   Type           Power      Damage    Failure   Level
 Scorch                   Fire           0%         2d5       100%        2
 Flame Wave               Conj/Fire      0%         2d4       100%        4
 Summon Cactus Giant      Summ           0%         N/A       100%        6


Dungeon Overview and Level Annotations

Branches:
Dungeon (4/15)
 Temple: D:4-7

Altars:
Beogh


Innate Abilities, Weirdness & Mutations

You have a pair of horns on your head.
You reflexively headbutt those who attack you in melee.


Message History

You climb upwards.
There is a stone staircase leading down here.
You start resting.
HP restored.
You climb downwards.
The steam dragon breathes steam at you. The ball of steam hits you!!
The scorpion stings you!
You are poisoned.
The scorpion poisons you! The scorpion stings you.
There is a stone staircase leading up, spattered with blood here.
Unknown command.
You are engulfed in a cloud of scalding steam.
You feel very sick.
The scorpion stings you but does no damage.
You climb upwards.
You feel very sick.
There is a stone staircase leading down here.
You feel better. The scorpion stings you.
You hit the scorpion but do no damage. You block the scorpion's attack.
The scorpion barely misses you.
You hit the scorpion.
The scorpion is moderately wounded.
The scorpion stings you.
You are poisoned.
The scorpion poisons you!
You slash the scorpion!
The scorpion is severely wounded.
You feel very sick. The scorpion stings you.
* * * LOW HITPOINT WARNING * * *
You closely miss the scorpion. Your headbutt misses the scorpion.
The scorpion is severely wounded.
You feel sick. You block the scorpion's attack.
The scorpion stings you but does no damage.
You hit the scorpion but do no damage.
The scorpion is severely wounded.
You feel sick. The scorpion stings you.
* * * LOW HITPOINT WARNING * * *
The scorpion stings you!
You die...

####### #.....#
#.###.#
#.###.####
########
#.##@s...#
##.......
#.##..##.#
##..######
#.##..##.###...##
#.....##.##.....#
####.###.###...##
#.# #.......# #.#
######.## #.# #.#
##.## ##'##


You could see a scorpion.

Vanquished Creatures
  A necrophage (D:4)
  An orc wizard (D:4)
  2 adders
  4 worms (D:3)
  2 dart slugs
  6 orcs (D:3)
  5 bats
  4 endoplasms
  A giant cockroach (D:1)
  3 goblins
  3 hobgoblins (D:1)
  A jackal (D:1)
  6 kobolds
  8 ball pythons
  2 frilled lizards
  5 rats
  2 toadstools (D:1)
56 creatures vanquished.

Vanquished Creatures (others)
  An adder (D:4)
  A hobgoblin (D:4)
  2 toadstools (D:1)
4 creatures vanquished.

Grand Total: 60 creatures vanquished

Notes
Turn   | Place    | Note
-------+----------+-------------------------------------------
     0 | D:1      | Peloso the Minotaur Fighter began the quest for the Orb.
     0 | D:1      | Reached XP level 1. HP: 19/19 MP: 0/0
   198 | D:1      | Found a faded altar of an unknown god.
   209 | D:1      | Reached XP level 2. HP: 26/27 MP: 1/1
   427 | D:1      | Reached skill level 4 in Armour
  1041 | D:2      | Reached XP level 3. HP: 29/33 MP: 2/2
  2183 | D:3      | Reached XP level 4. HP: 41/41 MP: 3/3
  2322 | D:4      | Noticed a necrophage
  2334 | D:4      | Killed a necrophage
  2335 | D:4      | Reached XP level 5. HP: 23/47 MP: 4/4
  2566 | D:4      | Reached skill level 5 in Armour
  2734 | D:4      | Noticed a steam dragon
  2811 | D:3      | Slain by a scorpion

Illustrated notes

Levels and vault maps discovered:
D:1:      ldierk_water_garden, layout_loops_ring,
          hellmonk_ecumenical_altar_defaced_shrine, minmay_pentomino_u4
D:2:      layout_rooms, guppyfry_early_lair_pool
D:3:      layout_loops_corners
D:4:      layout_basic, lemuel_crystal_altar, hex_medium,
          minmay_fractal_squares_diagonal_5, uniq_sigmund

Skill      XL: |  1  2  3  4  5 |
---------------+----------------+-----
Shields        | 4 |  4.3
Armour         | 4 5 |  5.3
Fighting       | 4 |  4.7
Long Blades    | 3 4 |  4.2
Dodging        | |  0.3

Action                   |  1- 3 |  4- 6 || total
-------------------------+-------+-------++-------
Melee: Long sword        |    98 |    29 ||   127
       Headbutt          |    17 |     5 ||    22
  Use: Potion            |     3 |     1 ||     4
       Scroll            |     1 |       ||     1
Armor: Scale mail        |    11 |       ||    11
       Chain mail        |    29 |    19 ||    48
Dodge: Dodged            |    37 |     3 ||    40
Block: Buckler           |    27 |     7 ||    34
